 Dungeon Crawl Stone Soup version 0.18-a0-1413-g4eaa9ac (webtiles) character file.

29787 Kidiri the Thaumaturge (level 13, -2/73 HPs)
             Began as a Deep Elf Fire Elementalist on Feb 25, 2016.
             Was a High Priest of Vehumet.
             Slain by a black mamba (13 damage)
             ... on level 7 of the Lair of Beasts.
             The game lasted 01:07:49 (22021 turns).

Kidiri the Thaumaturge (DEFE)                      Turns: 22021, Time: 01:07:49

Health: -2/73      AC: 12    Str:  7    XL:     13   Next: 17%
Magic:  41/46      EV: 18    Int: 32    God:    Vehumet [*****.]
Gold:   865        SH:  0    Dex: 17    Spells: 12 memorised, 4 levels left

rFire  . . .     SeeInvis .     L - staff of power
rCold  . . .     Gourm    .     E - +2 animal skin
rNeg   . . .     Faith    .     (no shield)
rPois  .         Spirit   .     (no helmet)
rElec  .         Dismiss  .     K - +2 cloak
rCorr  .         Reflect  .     (no gloves)
SustAt +         Harm     .     q - +2 pair of boots
MR     ++...     Rnd*Tele +     t - amulet of magic regeneration
Stlth  ++++......               i - ring of sustain attributes
                                k - +6 ring of intelligence

@: lethally poisoned (-2 -> -7), very resistant to hostile enchantments,
stealthy
A: slimy green scales 1, agile 1, magic resistance 1, strong 1, teleportitis 1,
MP-powered wands
a: Renounce Religion


You were on level 7 of the Lair of Beasts.
You worshipped Vehumet.
Vehumet was extremely pleased with you.
You were not hungry.

You visited 3 branches of the dungeon, and saw 18 of its levels.
You also visited: Sewer.

You collected 865 gold pieces.

Inventory:

Hand Weapons
 g - a +5 dagger of holy wrath
Armour
 q - a +2 pair of boots (worn)
 r - a +0 buckler
 E - a +2 animal skin (worn)
 K - a +2 cloak (worn)
Magical Staves
 L - an uncursed staff of power (weapon)
Jewellery
 i - a ring of sustain attributes (right hand)
 k - a +6 ring of intelligence (left hand)
 o - an uncursed ring of protection from cold
 t - an amulet of magic regeneration (around neck)
 G - an uncursed amulet of regeneration
Wands
 u - a wand of lightning (8/15)
 D - a wand of flame (7/48)
 H - a wand of digging (10/24)
 M - a wand of teleportation (5/9)
 Q - a wand of random effects (22/48)
Scrolls
 f - 2 scrolls of noise
 n - 4 scrolls of amnesia
 p - 3 scrolls of recharging
 v - 3 scrolls of fog
 y - 2 scrolls of fear
 A - 5 scrolls of teleportation
 P - a scroll of summoning
 R - a scroll of torment
 U - a scroll of brand weapon {unknown}
 V - a scroll of magic mapping {unknown}
 X - a scroll of remove curse
Potions
 a - 2 potions of brilliance
 d - a potion of resistance
 e - 4 potions of might
 j - 3 potions of magic
 m - 4 potions of flight
 s - a potion of mutation
 w - a potion of ambrosia
 z - 4 potions of heal wounds
 B - 4 potions of curing
 S - a potion of agility
 W - a potion of berserk rage
Books
 b - a book of Flames

   Spells                             Type                      Level
   a - Flame Tongue                   Conjuration/Fire             1
   b - Throw Flame                    Conjuration/Fire             2
   c - Conjure Flame                  Conjuration/Fire             3
   d - Inner Flame                    Hexes/Fire                   3
   e - Sticky Flame                   Conjuration/Fire             4
   f - Fireball                       Conjuration/Fire             5
 N - a book of Debilitation

   Spells                             Type                      Level
   a - Corona                         Hexes                        1
   b - Slow                           Hexes                        2
   c - Gell's Gravitas                Hexes/Translocation          3
   d - Inner Flame                    Hexes/Fire                   3
   e - Cause Fear                     Hexes                        4
   f - Leda's Liquefaction            Hexes/Earth                  4
Miscellaneous
 l - a plain deck of summoning
Comestibles
 c - 7 bread rations
 h - 3 meat rations
 x - 7 chunks of flesh
 Y - a slice of pizza


   Skills:
 + Level 5.5 Fighting
 + Level 9.0 Dodging
 + Level 8.9 Stealth
 * Level 12.4 Spellcasting
 + Level 7.6 Conjurations
 + Level 8.5 Hexes
 + Level 7.6 Charms
 + Level 5.9 Necromancy
 + Level 3.3 Transmutations
 + Level 8.3 Fire Magic
 + Level 4.0 Ice Magic
 + Level 4.0 Air Magic
 + Level 4.1 Earth Magic
 + Level 3.5 Poison Magic
 + Level 5.0 Evocations


You had 4 spell levels left.
You knew the following spells:

 Your Spells              Type           Power        Failure   Level  Hunger
a - Flame Tongue          Conj/Fire      #####        1%          1    None
b - Throw Flame           Conj/Fire      ######       1%          2    None
c - Conjure Flame         Conj/Fire      ######..     1%          3    None
d - Inner Flame           Hex/Fire       ######..     1%          3    None
e - Sticky Flame          Conj/Fire      ######..     1%          4    None
f - Fireball              Conj/Fire      ######....   1%          5    #......
g - Regeneration          Chrm/Necr      ######....   1%          3    None
h - Control Undead        Necr           ######....   1%          4    None
i - Shock                 Conj/Air       ####         1%          1    None
j - Sandblast             Erth           #####.       1%          1    None
k - Throw Frost           Conj/Ice       ######       1%          2    None
l - Ignite Poison         Fire/Trmt/Pois ######..     1%          3    None


Dungeon Overview and Level Annotations

Branches:
Dungeon (9/15)             Temple (1/1) D:6            Lair (8/8) D:9
  Swamp (0/4) Lair:6       Spider (0/4) Lair:4          Orc (0/2) D:9
  Slime: Lair:6-8

Altars:
Ashenzari
Cheibriados
Dithmenos
Elyvilon
Fedhas
Gozag
Kikubaaqudgha
Makhleb
Nemelex Xobeh
Okawaru
Pakellas
Qazlal
Ru
Sif Muna
Trog
Vehumet
Xom
Yredelemnul
Zin
The Shining One


Innate Abilities, Weirdness & Mutations

You are partially covered in slimy green scales (AC +2).
You are agile. (Dex +2)
You are resistant to hostile enchantments.
Your muscles are strong. (Str +2)
You are occasionally teleported next to monsters.
You expend magic power (3 MP) to strengthen your wands.


Message History

You feel sick.
The black mamba burns!
The black mamba bites you!
* * * LOW HITPOINT WARNING * * *
* * * LOW HITPOINT WARNING * * *
You feel sick.
The black mamba burns!
Drink which item? (? for menu, Esc to quit)
You feel much better.
The black mamba burns!
The black mamba stops burning.
The black mamba bites you but does no damage.
The black mamba bites you!
Unknown command.
Casting: Sticky Flame
Confirm with . or Enter, or press ? or * to list all spells.
Aiming: Flame Tongue
Press: ? - help, Shift-Dir - straight line, f/p - black mamba
Aim: a black mamba (severely wounded)
The flame tongue hits the black mamba.
The black mamba is almost dead.
You feel sick. The black mamba bites you!
* * * LOW HITPOINT WARNING * * *
The black mamba bites you!
You die...

........#######..###....#.#......
........#....#.....#....##.......
.........#....P..#........P......
.................................
.................................
.....#.........PP........###....
### #..........P###.#..## ##...
.## ##............P###...# #ยง.#
..###%.........@.P......!# ...# ?
#.#.##.......SF.........# ##..#
..#...#.......%...........# #....
.....................P...## #.>..
...................###....F......
..................## .........#
##................# ......F...
.................## ..........
.................. ....#P....


You could see a black mamba and a blink frog.

Vanquished Creatures
  Fannar (Lair:3)
  5 hydras
  3 death yaks (Lair:3)
  An orb spider (Lair:4)
  5 black mambas
  Maurice (D:8)
  A torpor snail (Lair:2)
  7 elephants
  6 spiny frogs
  4 rime drakes
  8 komodo dragons
  A polar bear (Lair:5)
  Grinder (D:5)
  Prince Ribbit (D:8)
  7 blink frogs
  Eustachio (D:6)
  7 wyverns
  12 yaks
  Grum (D:8)
  7 hippogriffs
  3 vampire mosquitoes (Lair:6)
  3 hungry ghosts
  Menkaure (D:5)
  7 wolves
  6 porcupines
  9 water moccasins
  Duvessa (D:4)
  3 ice beasts
  A black bear (D:6)
  2 necrophages
  3 orc warriors
  2 sky beasts
  2 phantoms
  2 ogres
  A centaur (D:6)
  9 crocodiles
  A big kobold (D:7)
  Blork the orc (D:4)
  5 giant frogs
  2 scorpions
  Dowan (D:4)
  3 killer bees (D:9)
  6 wights (D:6)
  The ghost of Mygna the Insei, a weakling DsTm (D:3)
  An electric eel (Lair:6)
  A howler monkey (D:8)
  2 crimson imps
  A giant frog zombie (D:9)
  A centaur zombie (D:8)
  4 hounds
  A jelly (D:4)
  2 centaur skeletons (D:5)
  4 orc priests
  5 orc wizards
  A giant frog skeleton (D:7)
  6 iguanas
  7 worker ants
  8 sheep (Lair:3)
  A killer bee zombie (D:6)
  A howler monkey zombie (D:7)
  6 gnolls
  13 adders
  A howler monkey skeleton (D:4)
  44 river rats
  3 shadow imps
  4 adder zombies
  3 oozes
  An adder skeleton (D:8)
  3 worms (D:2)
  6 dart slugs
  7 giant geckos
  37 orcs
  12 giant cockroaches
  6 goblins
  6 hobgoblins
  24 jackals
  6 quokkas
  8 ball pythons
  17 bats
  13 giant newts
  16 kobolds
  16 rats
  6 plants (Sewer)
459 creatures vanquished.

Vanquished Creatures (others)
  7 fungi
  2 plants
9 creatures vanquished.

Grand Total: 468 creatures vanquished

Notes
Turn   | Place    | Note
--------------------------------------------------------------
     0 | D:1      | Kidiri the Deep Elf Fire Elementalist began the quest for the Orb.
     0 | D:1      | Reached XP level 1. HP: 10/10 MP: 6/6
   145 | D:1      | Reached XP level 2. HP: 15/15 MP: 2/8
   152 | D:1      | Learned a level 2 spell: Throw Flame
   548 | D:1      | Reached XP level 3. HP: 19/19 MP: 0/10
   674 | D:1      | Learned a level 3 spell: Conjure Flame
   678 | D:1      | Learned a level 3 spell: Inner Flame
  1674 | D:2      | Reached XP level 4. HP: 24/24 MP: 7/11
  1692 | D:2      | Reached skill level 1 in Hexes
  2143 | D:2      | Reached skill level 4 in Spellcasting
  2170 | D:3      | Reached skill level 1 in Fighting
  3049 | D:3      | Reached XP level 5. HP: 29/29 MP: 9/13
  3166 | D:3      | Noticed Mygna's ghost (weakling DsTm)
  3176 | D:3      | Killed Mygna's ghost
  3652 | D:4      | Noticed Blork the orc
  3657 | D:4      | Killed Blork the orc
  3658 | D:4      | Reached XP level 6. HP: 34/34 MP: 9/15
  3666 | D:4      | Learned a level 4 spell: Sticky Flame
  3761 | D:4      | Found a shattered altar of Ashenzari.
  3767 | D:4      | Found a deep blue altar of Sif Muna.
  4089 | D:4      | Found a basalt altar of Yredelemnul.
  4135 | D:4      | Reached skill level 5 in Spellcasting
  4271 | D:4      | Got an ancient tin amulet
  4377 | D:4      | Noticed Duvessa
  4377 | D:4      | Noticed Dowan
  4389 | D:4      | Killed Dowan
  4391 | D:4      | Killed Duvessa
  4391 | D:4      | Reached XP level 7. HP: 26/39 MP: 1/17
  4640 | D:5      | Entered Level 5 of the Dungeon
  4722 | D:5      | Reached skill level 6 in Spellcasting
  4729 | D:5      | Found a blossoming altar of Fedhas.
  4913 | D:5      | Noticed Menkaure
  4922 | D:5      | Killed Menkaure
  4930 | D:5      | Reached skill level 5 in Fire Magic
  5152 | D:5      | Found a glowing drain.
  5187 | Sewer    | Entered a sewer
  5243 | Sewer    | Learned a level 5 spell: Fireball
  6142 | Sewer    | Reached XP level 8. HP: 42/44 MP: 19/19
  6755 | D:5      | Noticed Grinder
  6756 | D:5      | Paralysed by Grinder for 6 turns
  6765 | D:5      | Killed Grinder
  6765 | D:5      | Reached skill level 5 in Dodging
  6765 | D:5      | Reached skill level 5 in Stealth
  6765 | D:5      | Reached skill level 7 in Spellcasting
  7365 | D:6      | Found a staircase to the Ecumenical Temple.
  7955 | Temple   | Entered the Ecumenical Temple
  8330 | D:6      | Noticed Eustachio
  8337 | D:6      | Killed Eustachio
  8337 | D:6      | Reached skill level 8 in Spellcasting
  8337 | D:6      | Reached skill level 5 in Hexes
  8337 | D:6      | Reached XP level 9. HP: 35/50 MP: 13/23
  8351 | D:6      | Identified the amulet "Jaawel" {*Corrode +Rage Str+8} (You found it on level 4 of the Dungeon)
  8783 | D:6      | Learned a level 3 spell: Regeneration
  9134 | D:7      | Reached skill level 1 in Charms
  9140 | D:7      | Found a radiant altar of Vehumet.
  9149 | D:7      | Became a worshipper of Vehumet
  9186 | D:7      | Reached skill level 5 in Conjurations
  9455 | D:7      | Found an opulent altar of Gozag.
  9510 | D:7      | Reached skill level 1 in Necromancy
  9755 | D:7      | Gained mutation: You are occasionally teleported next to monsters. [mutagenic meat]
  9756 | D:7      | Gained mutation: You are resistant to hostile enchantments. [mutagenic meat]
  9757 | D:7      | Gained mutation: You are agile. (Dex +2) [mutagenic meat]
  9807 | D:7      | Found a glowing golden altar of the Shining One.
  9807 | D:7      | Found a glowing silver altar of Zin.
  9966 | D:7      | Learned a level 4 spell: Control Undead
 10260 | D:8      | Reached skill level 1 in Evocations
 10262 | D:8      | Reached skill level 9 in Spellcasting
 10428 | D:8      | Noticed Prince Ribbit
 10434 | D:8      | Killed Prince Ribbit
 10512 | D:8      | Noticed Grum
 10531 | D:8      | Killed Grum
 10531 | D:8      | Reached XP level 10. HP: 51/56 MP: 7/25
 10749 | D:8      | Gained mutation: You expend magic power (3 MP) to strengthen your wands. [potion of mutation]
 10749 | D:8      | Gained mutation: Your muscles are strong. (Str +2) [potion of mutation]
 10749 | D:8      | Gained mutation: You are partially covered in slimy green scales (AC +2). [potion of mutation]
 10827 | D:8      | Noticed Maurice
 10850 | D:8      | Killed Maurice
 10955 | D:8      | Reached * piety under Vehumet
 10955 | D:8      | Offered knowledge of Shock by Vehumet.
 10981 | D:8      | Learned a level 1 spell: Shock
 11704 | D:9      | Found a staircase to the Orcish Mines.
 11834 | D:9      | Reached skill level 1 in Air Magic
 11994 | D:9      | Offered knowledge of Sandblast by Vehumet.
 11996 | D:9      | Reached ** piety under Vehumet
 12209 | D:9      | Learned a level 1 spell: Sandblast
 12635 | D:9      | Found a staircase to the Lair.
 12645 | D:9      | Reached skill level 10 in Spellcasting
 13017 | D:9      | Offered knowledge of Throw Frost by Vehumet.
 13021 | D:9      | Learned a level 2 spell: Throw Frost
 13307 | Lair:1   | Entered Level 1 of the Lair of Beasts
 13310 | Lair:1   | Noticed a six-headed hydra
 13317 | Lair:1   | Killed a six-headed hydra
 13317 | Lair:1   | Reached skill level 5 in Charms
 13317 | Lair:1   | Reached skill level 1 in Earth Magic
 13327 | Lair:1   | Reached skill level 1 in Ice Magic
 13698 | Lair:1   | Reached *** piety under Vehumet
 13842 | Lair:1   | Reached XP level 11. HP: 61/61 MP: 27/27
 14031 | Lair:1   | Offered knowledge of Ignite Poison by Vehumet.
 16374 | Lair:2   | Found a snail-covered altar of Cheibriados.
 16532 | Lair:2   | Noticed a five-headed hydra
 16552 | Lair:2   | Killed a five-headed hydra
 16552 | Lair:2   | Reached skill level 11 in Spellcasting
 16582 | Lair:2   | Learned a level 3 spell: Ignite Poison
 17254 | Lair:3   | Noticed a death yak
 17278 | Lair:3   | Noticed Fannar
 17278 | Lair:3   | Reached **** piety under Vehumet
 17282 | Lair:3   | Reached skill level 1 in Poison Magic
 17283 | Lair:3   | Reached skill level 1 in Transmutations
 17284 | Lair:3   | Reached XP level 12. HP: 68/68 MP: 26/29
 17285 | Lair:3   | Killed Fannar
 17285 | Lair:3   | Reached skill level 5 in Necromancy
 17468 | Lair:3   | Noticed a death yak
 17514 | Lair:3   | Noticed a death yak
 17562 | Lair:3   | Killed a death yak
 17562 | Lair:3   | Reached skill level 5 in Fighting
 17586 | Lair:3   | Killed a death yak
 17586 | Lair:3   | Offered knowledge of Iskenderun's Battlesphere by Vehumet.
 17601 | Lair:3   | Killed a death yak
 18942 | Lair:4   | Got an iridescent falchion
 18943 | Lair:4   | Identified the +3 falchion of Alysedo {slice, rF+ Str+4} (You found it on level 4 of the Lair of Beasts)
 19153 | Lair:4   | Noticed an eight-headed hydra
 19168 | Lair:4   | Killed an eight-headed hydra
 19265 | Lair:4   | Found a hole to the Spider Nest.
 19630 | Lair:4   | You fall through a shaft for 2 floors!
 19708 | Lair:6   | Reached skill level 12 in Spellcasting
 20487 | Lair:5   | Noticed a five-headed hydra
 20493 | Lair:5   | Killed a five-headed hydra
 21661 | Lair:6   | Noticed a six-headed hydra
 21661 | Lair:6   | Reached XP level 13. HP: 68/73 MP: 25/31
 21709 | Lair:6   | Reached skill level 5 in Evocations
 21820 | Lair:6   | Found a staircase to the Swamp.
 21902 | Lair:6   | You fall through a shaft for 2 floors!
 21902 | Lair:8   | Entered Level 8 of the Lair of Beasts
 21953 | Lair:7   | Reached ***** piety under Vehumet
 22021 | Lair:7   | Slain by a black mamba

Vault maps used:
D:1:      lightli_arrival_quake
D:2:      amalloy_card_club
D:3:      first_bread
D:4:      yredelemnul_altar_generic, minitemple, uniq_duvessa,
          uniq_blork_the_orc
D:5:      lemuel_coloured_pillars_altar, gup_sewer_entry_pipe, uniq_grinder,
          uniq_menkaure
D:6:      minmay_temple_entry_mist, hangedman_abyss_or_decor_lesser_grid,
          uniq_eustachio
D:7:      nicolae_gozag_cash_rules_everything_around_me,
          gammafunk_temple_overflow_wave, vehumet_altar_wand_db
D:8:      uniq_maurice, uniq_prince_ribbit1, uniq_grum
D:9:      grunt_lair_entry_orc_guard_hut
Temple:   temple_eino_lava_12
Lair:2:   kennysheep_snail_temple, infiniplex_staircase_pool_2
Lair:3:   uniq_fannar
Lair:4:   nicolae_spider_entry_orb_guardian, ldierk_geyser
Lair:5:   beast_lair_carwin_1, serial_bayou_shore_a, grunt_megastairs_1
Lair:6:   minmay_swamp_entry_swarm, grunt_megastairs_3
Lair:7:   special_room
Lair:8:   wormcave, minmay_slime_entry_oklob_open, infiniplex_staircase_pool,
          uniq_maud
Sewer:    sewer_co_scattered_pipes

Skill      XL: |  1  2  3  4  5  6  7  8  9 10 11 12 13 |
---------------+----------------------------------------+-----
Dodging        | 3 4 5 6 7 8 9 |  9.0
Hexes          | 1 2 3 5 6 7 8 |  8.5
Spellcasting   | 4 5 6 8 9 10 11 12 | 12.4
Fighting       | 1 2 3 4 5 |  5.5
Conjurations   | 2 3 4 5 6 7 |  7.6
Stealth        | 3 4 5 6 7 8 |  8.9
Fire Magic     | 4 5 6 7 8 |  8.3
Charms         | 3 5 6 7 |  7.6
Necromancy     | 2 4 5 |  5.9
Evocations     | 1 3 4 5 |  5.0
Air Magic      | 2 3 4 |  4.0
Earth Magic    | 1 3 4 |  4.1
Ice Magic      | 1 2 3 4 |  4.0
Poison Magic   | 1 3 |  3.5
Transmutations | 1 3 |  3.3

Action                   |  1- 3 |  4- 6 |  7- 9 | 10-12 | 13-15 || total
-------------------------+-------+-------+-------+-------+-------++-------
Melee: Dagger            |    16 |    24 |   418 |    51 |       ||   509
       Club              |     2 |       |       |       |       ||     2
       Rapier            |       |       |    15 |     1 |       ||    16
       Staff             |       |       |     2 |     9 |       ||    11
Throw: Throwing net      |       |     1 |       |     1 |       ||     2
 Cast: Flame Tongue      |    46 |    74 |   156 |   447 |    41 ||   764
       Throw Flame       |    24 |    39 |    63 |   156 |     5 ||   287
       Conjure Flame     |       |     4 |     5 |    12 |     2 ||    23
       Inner Flame       |       |     3 |     4 |     3 |     1 ||    11
       Sticky Flame      |       |       |     6 |    57 |    10 ||    73
       Fireball          |       |       |     1 |    22 |     1 ||    24
       Control Undead    |       |       |     1 |       |       ||     1
       Shock             |       |       |       |     8 |       ||     8
       Regeneration      |       |       |       |     1 |       ||     1
  Use: Scroll            |     4 |     7 |     2 |    21 |     3 ||    37
       Potion            |       |       |       |     1 |     2 ||     3
 Stab: Sleeping          |     1 |     6 |     9 |     6 |       ||    22
       Held in net/web   |       |     1 |       |       |       ||     1
  Eat: Chunk             |     3 |     8 |    11 |    22 |     1 ||    45
       Beef jerky        |       |       |     2 |     2 |       ||     4
       Meat ration       |       |       |     2 |     2 |       ||     4
       Fruit             |       |       |       |     4 |       ||     4
